 Dungeon Crawl Stone Soup version 0.27.0-1-g7a089689b8 (webtiles) character file.

Game seed: 10224155710378900686

5906 ZombieSheep the Blocker (level 10, 0/97 HPs)
             Began as a Gargoyle Berserker on Aug 9, 2021.
             Was a High Priest of Trog.
             Shot with an arrow by a centaur warrior (20 damage)
             ... on level 9 of the Dungeon.
             The game lasted 00:16:04 (10252 turns).

ZombieSheep the Blocker (Gargoyle Berserker)       Turns: 10252, Time: 00:16:05

Health: 0/97       AC: 22    Str: 21    XL:     10   Next: 82%
Magic:  10/10      EV: 12    Int:  8    God:    Trog [*****.]
Gold:   375        SH:  0    Dex: 12    Spells: 9/9 levels left

rFire    + . .     SeeInvis +   a - +0 flail (protect)
rCold    . . .     Faith    .   (no shield)
rNeg     + . .     Spirit   .   h - +3 ring mail {rF+}
rPois    ∞         Reflect  .   (no helmet)
rElec    +         Harm     .   (no cloak)
rCorr    .         Rampage  .   (no gloves)
Will     +....                  (no boots)
Stlth    ..........             m - amulet of regeneration
HPRegen  1.26/turn              y - ring of willpower
MPRegen  0.12/turn              B - ring of see invisible

@: berserking (expiring), under a protective aura, very quick
A: sickness immunity, AC +7, negative energy resistance 1, electricity
resistance, torment resistance 1, petrification resistance
a: Renounce Religion, Berserk, Trog's Hand, Brothers in Arms


You were on level 9 of the Dungeon.
You worshipped Trog.
Trog was extremely pleased with you.
You visited 1 branch of the dungeon, and saw 9 of its levels.

You collected 375 gold pieces.

Inventory:

Hand Weapons
 a - a +0 flail of protection (weapon)
 b - a +1 flail
 A - a +2 vorpal mace
 C - a +2 whip of electrocution
Armour
 h - a +3 ring mail of fire resistance (worn)
 k - a +2 chain mail of cold resistance
 t - a +0 kite shield
Jewellery
 c - a +6 ring of intelligence
 m - an amulet of regeneration (around neck)
 r - a ring of fire
 y - a ring of willpower (left hand)
 B - a ring of see invisible (right hand)
Wands
 n - a wand of acid (7)
 p - a wand of polymorph (7)
 z - a wand of paralysis (20)
 D - a wand of iceblast (10)
Scrolls
 e - 4 scrolls of teleportation
 j - a scroll of fear
 o - 2 scrolls of magic mapping
 x - 2 scrolls of enchant armour
Potions
 d - 3 potions of heal wounds
 f - a potion of lignification {unknown}
 g - a potion of magic {unknown}
 i - 4 potions of flight {unknown}
 l - 6 potions of curing
 q - a potion of might {unknown}
 s - a potion of invisibility {unknown}
 u - a potion of attraction {unknown}
 v - 2 potions of brilliance {unknown}
 w - a potion of mutation {unknown}


   Skills:
 - Level 8.8 Fighting
 - Level 8.0 Maces & Flails
 - Level 2.1 Armour
 - Level 5.5 Dodging
 + Level 11.0 Shields


You had 9 spell levels left.
You didn't know any spells.
Your spell library was empty.

Dungeon Overview and Level Annotations

Branches:
Dungeon (9/15)             Temple (0/1) D:6
   Lair: D:8-11         Orc: D:9-12

Altars:
Ashenzari
Elyvilon
Gozag
Kikubaaqudgha
Trog
Wu Jian
Xom
Yredelemnul
Zin
The Shining One

Annotations:
D:4 2 runed translucent doors, SkeletonJelly's ghost, novice DrAr


Innate Abilities, Weirdness & Mutations

You are immune to sickness and miasma.
Your stone body is resilient. (AC +7)
You are immune to poison.
You resist negative energy. (rN+)
You are resistant to electric shocks. (rElec)
You are resistant to unholy torment.
You are immune to petrification.


Message History

You hit the hornet but do no damage.
The hornet is almost dead.
A centaur warrior comes into view.
The hornet completely misses you.
You barely miss the hornet.
The hornet is almost dead.
The centaur warrior shouts!
The centaur warrior drinks a potion.
The centaur warrior seems to speed up.
The hornet stings you but does no damage.
You bludgeon the hornet!!
You feel the power of Trog in you as your rage grows.
You kill the hornet!
Trog accepts your kill.
The centaur warrior wields a +0 shortbow.
The centaur warrior shoots an arrow.
The arrow hits you.
Your Shields skill increases to level 11!
You thump the orc!
You kill the orc!
Trog accepts your kill.
The orc priest calls down the wrath of Beogh upon you.
Pain shoots through your body!
The centaur warrior shoots an arrow.
The arrow hits you!
You hit the orc.
The orc is heavily wounded.
The centaur warrior shoots an arrow.
The arrow barely misses you.
You thump the orc!
You kill the orc!
Trog accepts your kill.
The centaur warrior shoots an arrow.
The arrow barely misses you.
The orc priest hits you but does no damage.
Items here: $ ))) [ †.
You hit the orc priest but do no damage.
The orc priest closely misses you.
You barely miss the orc priest. You barely miss the orc priest.
The centaur warrior shoots an arrow.
The arrow hits you!!
* * * LOW HITPOINT WARNING * * *
The orc priest hits you but does no damage.
The centaur warrior shoots an arrow.
The arrow hits you!!
You die...

#.....#.# #.....y.#
#.......## ##..#....o#
######## ..........##
#....... #.....#....#
##### #.#####. .....
##.?.###...## #.#..#).
...... #.....#....#
#.#.#..# ...
..###...o@#..## #.#.##..
## ...##.....##..#
#.##.##. ....#..##...#.#
#.....## ..........c.##c.
#.#.#...
.#......#...#.####.#...##
##....#######.##..#.#...
#......#..#.#....#.#.#.
#......†.#..#....#####.
#........#..#..........


You could see a centaur warrior (fast) and an orc priest.

Vanquished Creatures
  A centaur warrior (D:9)
  A two-headed ogre (D:9)
  Pikel (D:8)
  Maggie (D:8)
  A troll (D:9)
  A hornet (D:9)
  A wyvern (D:7)
  Edmund (D:5)
  2 water moccasins
  Duvessa (D:6)
  An ice beast (D:7)
  2 orc warriors
  4 black bears
  A necrophage (D:6)
  2 centaurs
  A phantom (D:7)
  3 lemures (D:8)
  3 kobold brigands
  A wyvern zombie (D:9)
  A scorpion (D:2)
  2 bullfrogs
  Dowan (D:6)
  A water moccasin skeleton (D:5)
  6 killer bees
  3 howler monkeys (D:7)
  3 centaur zombies (D:9)
  3 bullfrog zombies
  2 hounds
  A jelly (D:5)
  A bullfrog skeleton (D:4)
  4 iguanas
  Jessica (D:3)
  Ijyb (D:3)
  Terence (D:3)
  6 orc wizards
  A killer bee zombie (D:7)
  3 hound zombies
  A hound skeleton (D:5)
  8 adders
  6 gnolls (D:3)
  2 ufetubi
  3 worms
  3 dart slugs
  17 orcs
  3 bats
  9 endoplasms
  4 giant cockroaches
  5 goblins
  8 hobgoblins
  10 jackals
  13 kobolds
  2 quokkas
  12 ball pythons
  A frilled lizard (D:2)
  4 rats
181 creatures vanquished.

Vanquished Creatures (others)
  3 plants (D:5)
3 creatures vanquished.

Grand Total: 184 creatures vanquished

Notes
Turn   | Place    | Note
-------+----------+-------------------------------------------
     0 | D:1      | ZombieSheep the Gargoyle Berserker began the quest for the
                  | Orb.
     0 | D:1      | Reached XP level 1. HP: 14/14 MP: 1/1
   341 | D:1      | Reached XP level 2. HP: 18/19 MP: 2/2
  1085 | D:1      | Found a faded altar of an unknown god.
  1125 | D:1      | Reached XP level 3. HP: 21/24 MP: 3/3
  1166 | D:1      | Reached ** piety under Trog
  1989 | D:2      | Found a glowing silver altar of Zin.
  2027 | D:2      | Reached XP level 4. HP: 29/30 MP: 4/4
  2188 | D:2      | Noticed a scorpion
  2201 | D:2      | Killed a scorpion
  2202 | D:2      | Reached XP level 5. HP: 25/34 MP: 5/5
  2498 | D:3      | Reached skill level 5 in Fighting
  2546 | D:3      | Noticed Terence
  2556 | D:3      | Killed Terence
  2863 | D:3      | Noticed Jessica
  2875 | D:3      | Killed Jessica
  2876 | D:3      | Reached skill level 5 in Maces & Flails
  2990 | D:3      | Reached XP level 6. HP: 40/40 MP: 6/6
  3327 | D:3      | Reached *** piety under Trog
  3469 | D:3      | Noticed Ijyb
  3483 | D:3      | Killed Ijyb
  4120 | D:4      | Reached XP level 7. HP: 46/46 MP: 7/7
  4405 | D:4      | Found a large runed translucent door.
  4405 | D:4      | Found a large runed translucent door.
  4406 | D:4      | Noticed SkeletonJelly's ghost (novice DrAr)
  5092 | D:5      | Entered Level 5 of the Dungeon
  5117 | D:5      | Noticed Edmund
  5126 | D:5      | Killed Edmund
  5554 | D:5      | Reached XP level 8. HP: 47/53 MP: 8/8
  6143 | D:5      | Found an ornate altar of the Wu Jian Council.
  6277 | D:6      | Found a staircase to the Ecumenical Temple.
  6313 | D:6      | Noticed Dowan
  6314 | D:6      | Noticed Duvessa
  6319 | D:6      | Killed Dowan
  6326 | D:6      | Killed Duvessa
  6401 | D:6      | Found a broken altar of Ashenzari.
  6408 | D:6      | Reached **** piety under Trog
  6551 | D:6      | Found a broken altar of Ashenzari.
  6556 | D:6      | Found a white marble altar of Elyvilon.
  6556 | D:6      | Found a glowing golden altar of the Shining One.
  6567 | D:6      | Found an ancient bone altar of Kikubaaqudgha.
  6572 | D:6      | Found a basalt altar of Yredelemnul.
  6587 | D:6      | Found a shimmering altar of Xom.
  6803 | D:6      | Found an opulent altar of Gozag.
  7186 | D:7      | Noticed a wyvern
  7197 | D:7      | Killed a wyvern
  7437 | D:7      | Found a glowing silver altar of Zin.
  7493 | D:7      | Reached XP level 9. HP: 57/59 MP: 9/9
  7858 | D:7      | Reached skill level 5 in Dodging
  8972 | D:8      | Reached skill level 1 in Shields
  8978 | D:8      | Reached skill level 2 in Shields
  9102 | D:8      | Reached skill level 3 in Shields
  9234 | D:8      | Noticed Pikel
  9273 | D:8      | Killed Pikel
  9274 | D:8      | Reached skill level 5 in Shields
  9405 | D:8      | Noticed Maggie
  9419 | D:8      | Killed Maggie
  9420 | D:8      | Reached skill level 6 in Shields
  9420 | D:8      | Reached XP level 10. HP: 65/65 MP: 10/10
  9699 | D:9      | Found a bloodstained altar of Trog.
  9707 | D:9      | Reached skill level 7 in Shields
  9881 | D:9      | Noticed a centaur warrior
  9895 | D:9      | Killed a centaur warrior
  9896 | D:9      | Reached skill level 8 in Shields
  9957 | D:9      | Reached skill level 9 in Shields
 10016 | D:9      | Noticed a two-headed ogre
 10039 | D:9      | Killed a two-headed ogre
 10040 | D:9      | Reached skill level 10 in Shields
 10232 | D:9      | Reached ***** piety under Trog
 10243 | D:9      | Noticed a centaur warrior
 10246 | D:9      | Reached skill level 11 in Shields
 10252 | D:9      | Shot with an arrow by a centaur warrior

Illustrated notes

Levels and vault maps discovered:
D:1:      dpeg_arrival_rooms_b, layout_loops_ring,
          shapermc_ecumenical_altar_mp_vishouse
D:2:      layout_rooms, basic_altar, minmay_small_reverse_x
D:3:      layout_loops_ring, serial_undead, serial_undead_c, serial_undead_a,
          serial_undead_a, serial_undead_a, kennysheep_generic_room_7,
          uniq_terence, uniq_ijyb, uniq_jessica
D:4:      layout_basic, ebering_ghost_disaster_area
D:5:      layout_loops_corners, mainiacjoe_overflow_alcove_2,
          serial_bayou_ford_a, uniq_edmund
D:6:      layout_basic, minmay_overflow_temple_star_hex,
          mainiacjoe_overflow_catwalk, minmay_temple_entry_stoned_glass,
          minmay_misc_feat_tiny, minivault_23, hangedman_feature_mirror,
          uniq_duvessa
D:7:      layout_basic, nicolae_overflow_crystal_walls
D:8:      layout_loops_corners, enter_bailey_2, uniq_pikel, uniq_maggie
D:9:      minmay_the_grid_net [minmay_the_grid_mess,
          minmay_the_grid_outer_diamond, minmay_the_grid_medium_cups,
          minmay_the_grid_eight, minmay_the_grid_fan,
          minmay_the_grid_prize_four_corners], layout_layer_cave,
          trog_ov_bears_minmay, st_stairs_11

Skill      XL: |  1  2  3  4  5  6  7  8  9 10 |
---------------+-------------------------------+-----
Fighting       | 4 5 6 7 8 |  8.8
Maces & Flails | 4 5 6 7 8 |  8.0
Dodging        | 2 4 5 |  5.5
Shields        | 6 11 | 11.0
Armour         | |  2.1

Action                   |  1- 3 |  4- 6 |  7- 9 | 10-12 || total
-------------------------+-------+-------+-------+-------++-------
Melee: Mace              |   139 |    90 |       |       ||   229
       Flail             |       |    60 |   413 |   176 ||   649
Invok: Berserk           |     1 |     5 |     7 |     3 ||    16
  Use: Scroll            |     1 |     5 |     7 |       ||    13
Armor: Animal skin       |    37 |       |       |       ||    37
       Ring mail         |    15 |    60 |   229 |   157 ||   461
Dodge: Dodged            |   100 |    78 |   254 |   153 ||   585
